 Dungeon Crawl Stone Soup version 0.28.0-43-g3370ac3207 (webtiles) character file.

Game seed: 14250636794743529287

152447 nickcage the Slayer (level 17, -2/173 HPs)
             Began as a Minotaur Fighter on Mar 10, 2022.
             Was the Champion of Makhleb.
             Slain by a +1 dire flail of venom (10 damage)
             ... on level 3 of the Elven Halls.
             The game lasted 01:25:01 (25380 turns).

nickcage the Slayer (Minotaur Fighter)             Turns: 25380, Time: 01:25:01

Health: -2/173     AC: 42    Str: 29    XL:     17   Next: 2%
Magic:  19/19      EV: 11    Int:  8    God:    Makhleb [******]
Gold:   2541       SH: 14    Dex: 15    Spells: 16/16 levels left

rFire   . . .      SeeInvis +   l - +6 trident (pain)
rCold   . . .      Faith    .   w - +0 kite shield
rNeg    + + .      Spirit   .   G - +15 Maxwell's patent armour {-Cast -Tele rElec Will+ rCorr}
rPois   .          Reflect  .   (helmet restricted)
rElec   +          Harm     .   m - +2 cloak
rCorr   +          Rampage  .   j - +1 pair of gloves of Tomorrow {rN++ Str+2 Dex-3 Slay+5}
Will    ++...      NoTele   +   K - +2 pair of boots of Tomorrow {Str+2 Int+3 Dex+4}
Stlth   .......... NoCast   +   (no amulet)
HPRegen 0.38/turn               e - +4 ring of slaying
MPRegen 0.16/turn               X - ring of see invisible

@: flayed, hasted, very quick
A: horns 2, retaliatory headbutt
a: Renounce Religion, Minor Destruction, Lesser Servant of Makhleb, Major
Destruction, Greater Servant of Makhleb


You were on level 3 of the Elven Halls.
You worshipped Makhleb.
Makhleb was exalted by your worship.
You visited 4 branches of the dungeon, and saw 26 of its levels.

You collected 2944 gold pieces.
You spent 403 gold pieces at shops.

Inventory:

Hand Weapons
 g - a +6 bardiche of freezing
 l - a +6 trident of pain (weapon)
 q - a +1 eveningstar of pain
 u - a +3 trident of freezing
Missiles
 c - a throwing net
 E - 24 curare-tipped darts (quivered)
Armour
 j - the +1 pair of gloves of Tomorrow (worn) {rN++ Str+2 Dex-3 Slay+5}
   (You acquired it on level 4 of the Dungeon)

   Str:       It affects your strength (+2).
   Dex:       It affects your dexterity (-3).
   Slay:      It affects your accuracy & damage with ranged weapons and melee
   (+5).
   rN:        It greatly protects you from negative energy.
 m - a +2 cloak (worn)
 w - a +0 kite shield (worn)
 G - the +15 Maxwell's patent armour (worn) {-Cast -Tele rElec Will+ rCorr}
   (You took it off a gnoll sergeant on level 9 of the Dungeon)

   rElec:     It insulates you from electricity.
   -Cast:     It prevents spellcasting.
   -Tele:     It prevents most forms of teleportation.
   rCorr:     It protects you from acid and corrosion.
   Will:      It increases your willpower.
 K - the +2 pair of boots of Tomorrow (worn) {Str+2 Int+3 Dex+4}
   (You found it on level 14 of the Dungeon)

   Str:       It affects your strength (+2).
   Int:       It affects your intelligence (+3).
   Dex:       It affects your dexterity (+4).
Jewellery
 e - a +4 ring of slaying (left hand)
 y - a ring of flight
 F - the ring of Mittuit {rElec rPois}
   (You took it off a gnoll sergeant on level 9 of the Dungeon)

   [ring of poison resistance]

   rElec:     It insulates you from electricity.
   rPois:     It protects you from poison.
 X - a ring of see invisible (right hand)
Wands
 a - a wand of polymorph (6)
 b - a wand of iceblast (7)
 i - a wand of paralysis (24)
 r - a wand of digging (5)
 D - a wand of flame (42)
 M - a wand of charming (11)
Scrolls
 f - 3 scrolls of summoning
 h - a scroll of silence
 n - 2 scrolls of magic mapping
 t - 3 scrolls of fog
 z - 2 scrolls of brand weapon
 C - 3 scrolls of enchant armour
 H - a scroll of holy word
 I - 5 scrolls of identify
 Q - 2 scrolls of blinking
 V - 3 scrolls of fear
 W - a scroll of enchant weapon
Potions
 d - 8 potions of might
 k - 4 potions of heal wounds
 o - 10 potions of curing
 p - 2 potions of flight
 v - 3 potions of resistance
 x - a potion of invisibility
 A - 2 potions of cancellation
 B - a potion of attraction {unknown}
 L - a potion of haste
 R - a potion of berserk rage
 U - a potion of ambrosia
Miscellaneous
 P - a phial of floods
 S - a tin of tremorstones (2/2)
 Y - a box of beasts


   Skills:
 + Level 21.1 Fighting
 + Level 20.0 Polearms
 - Level 0.5 Throwing
 + Level 15.3 Armour
 + Level 8.3 Dodging
 + Level 15.4 Shields
 - Level 4.0 Invocations


You had 16 spell levels left.
You didn't know any spells.
Your spell library contained the following spells:

 Spells                   Type           Power      Damage    Failure   Level
 Foxfire                  Conj/Fire      0%         2x1d4     99%         1
 Freeze                   Ice            0%         1d3       99%         1
 Magic Dart               Conj           0%         1d3       99%         1
 Pain                     Necr           0%         1d4       99%         1
 Call Imp                 Summ           0%         N/A       99%         2
 Ensorcelled Hibernation  Hex/Ice        0%         N/A       99%         2
 Passwall                 Tmut/Erth      0%         N/A       99%         2
 Conjure Flame            Conj/Fire      0%         6-21      100%        3
 Frozen Ramparts          Ice            0%         1d2       100%        3
 Ignite Poison            Fire/Tmut/Pois 0%         N/A       100%        3
 Inner Flame              Hex/Fire       0%         N/A       100%        3
 Mephitic Cloud           Conj/Pois/Air  0%         N/A       100%        3
 Ozocubu's Armour         Ice            0%         N/A       100%        3
 Portal Projectile        Hex/Tloc       0%         N/A       100%        3
 Summon Guardian Golem    Hex/Summ       0%         N/A       100%        3
 Swiftness                Air            0%         N/A       100%        3
 Animate Dead             Necr           0%         N/A       100%        4
 Flame Wave               Conj/Fire      0%         2d4       100%        4
 Fulminant Prism          Conj/Hex       0%         3d6       100%        4
 Hailstorm                Conj/Ice       0%         3d3       100%        4
 Ice Form                 Ice/Tmut       0%         N/A       100%        4
 Iskenderun's Mystic Bla  Conj/Tloc      0%         2d3       100%        4
 Sticky Flame             Conj/Fire      0%         2d3       100%        4
 Summon Ice Beast         Ice/Summ       0%         N/A       100%        4
 Agony                    Necr           0%         N/A       100%        5
 Blade Hands              Tmut           0%         N/A       100%        5
 Borgnjor's Vile Clutch   Necr/Erth      0%         N/A       100%        5
 Excruciating Wounds      Necr           0%         N/A       100%        5
 Irradiate                Conj/Tmut      0%         3d14      100%        5
 Lee's Rapid Deconstruct  Erth           0%         3d5*      100%        5
 Death Channel            Necr           0%         N/A       100%        6
 Dragon Form              Tmut           0%         N/A       100%        7
 Orb of Destruction       Conj           0%         9d5       100%        7
 Ozocubu's Refrigeration  Ice            0%         4d5       100%        7
 Spellforged Servitor     Conj/Summ      0%         N/A       100%        7
 Borgnjor's Revivificati  Necr           0%         N/A       100%        8
 Necromutation            Tmut/Necr      0%         N/A       100%        8
 Death's Door             Necr           0%         N/A       100%        9


Dungeon Overview and Level Annotations

Branches:
Dungeon (15/15)            Temple (0/1) D:7            Lair (6/6) D:10
 Shoals (0/4) Lair:2       Spider (0/4) Lair:4        Slime (0/5) Lair:6
    Orc (2/2) D:12            Elf (3/3) Orc:2        Vaults (0/5) D:14
 Depths (0/4) D:15

Altars:
Ashenzari
Cheibriados
Elyvilon
Makhleb
Okawaru
Sif Muna
Uskayaw
Yredelemnul
Zin
Beogh
Jiyva

Shops:
D:4 ?(   Orc:1 *   Orc:2 !(([   Elf:1 ((

Annotations:
D:9 2 transporters, fknight's ghost, novice GnBe


Innate Abilities, Weirdness & Mutations

You have a pair of horns on your head.
You reflexively headbutt those who attack you in melee.


Message History

The +1 dire flail of venom closely misses you.
The flayed ghost cries, "Suffer as I suffered!"
Terrible wounds spread across more of your body!
* * * LOW HITPOINT WARNING * * *
You feel very sick.
You feel very sick.
You block the +1 dire flail of venom's attack.
There is an open door here.
You feel sick.
You feel sick.
The +1 dire flail of venom completely misses you.
You feel sick. The +1 dire flail of venom hits you.
* * * LOW HITPOINT WARNING * * *
You are more poisoned.
You feel very sick.
There is an open translucent door here.
You feel very sick. The +1 dire flail of venom hits you!
* * * LOW HITPOINT WARNING * * *
You are lethally poisoned!
You feel better.
The +1 dire flail of venom hits you but does no damage.
You are poisoned.
You feel better.
The +1 dire flail of venom closely misses you.
You block the +1 dire flail of venom's attack.
You block the +1 dire flail of venom's attack.
The +1 dire flail of venom hits you!!
* * * LOW HITPOINT WARNING * * *
You are lethally poisoned!
* * * LOW HITPOINT WARNING * * *
You feel very sick.
You feel yourself speed up.
* * * LOW HITPOINT WARNING * * *
You feel very sick.
The orange demon disappears in a puff of smoke!
You block the +1 dire flail of venom's attack. x2
The flayed ghost cries, "Feel what I felt!"
You feel better. The +1 dire flail of venom hits you!
You die...

#...................# #########
#...#############...#..#..#.:".:
#...#...........#...#..#![# }.M.
#...+...........'...#..#..####'#
.#...#...........#...#..#.....4..
.#...#...........#...#..#.#8).._.
.#...###########+#...#..#.......M
.#........<......z...#..#..###W4'
.+..............@(..§W..#..#..)..
.#...................#Z.#..#.4.⌠.
.#...######'######...#..####Z....
.#...#....... #...#...#.......
.#...'....... #...#...W...#...
#...#....... #...#...#...#...
.#...###+#########...#...#...####
.+..<................#...#.....
.#...................#...#.......


You could see a flayed ghost (summoned), a wight (summoned), a +1 dire flail of
venom and a deep elf zephyrmancer zombie (summoned).

Vanquished Creatures
  Saint Roka (Orc:2)
  A deep elf blademaster (Elf:2)
  A deep elf sorcerer (Elf:2)
  The ghost of unlimited1921 the Thaumaturge, a journeyman DjFE of Yredelemnul (D:13)
  A stone giant (D:15)
  2 minotaurs (D:14)
  Snorg (D:13)
  The ghost of Ceckukk the Geomancer, a journeyman GrEE of Sif Muna (Lair:1)
  A fire dragon (Lair:6)
  A deep elf high priest (Elf:2)
  Harold (Lair:1)
  2 boulder beetles
  Fannar (D:12)
  Erolcha (D:9)
  8 hydras
  5 centaur warriors
  3 catoblepae
  Erica (D:8)
  20 dancing weapons
  A death knight (D:14)
  10 two-headed ogres
  2 tengu warriors (D:15)
  4 death yaks (D:14)
  3 orc high priests
  Sonja (Orc:2)
  Urug (D:14)
  15 deep elf knights
  A swamp dragon (Lair:6)
  8 deep elf archers
  2 shadow demons (Elf:3)
  2 orc knights (Orc:2)
  19 deep elf zephyrmancers
  The ghost of tizbic2 the Gusty, a novice DgAE (D:6)
  3 cyclopes
  39 deep elf pyromancers
  A wolf spider (Lair:6)
  3 ugly things
  8 orc sorcerers
  6 manticores
  18 slime creatures
  5 elephants (Lair:5)
  9 black mambas
  A guardian serpent (Lair:6)
  3 centaur zombies
  A torpor snail (Lair:6)
  2 gargoyles (D:12)
  25 cane toads
  2 unseen horrors
  5 komodo dragons
  7 kobold demonologists
  10 yaktaurs (D:14)
  2 rime drakes (Lair:1)
  3 polar bears
  A wind drake (Lair:2)
  8 trolls
  4 hornets
  A troll (shapeshifter) (D:12)
  A wolf spider simulacrum (D:15)
  10 blink frogs
  A dream sheep (shapeshifter) (Elf:2)
  2 air elementals
  3 culicivoras (Lair:4)
  A vampire (D:12)
  2 wraiths (D:13)
  55 yaks
  2 water elementals
  A shadow (D:13)
  16 humans (D:14)
  A fire elemental (Elf:1)
  3 basilisks
  10 wyverns
  3 steam dragons
  Grum (D:9)
  A warg (Orc:2)
  6 vampire mosquitoes
  5 acid dragons
  24 water moccasins
  Duvessa (D:5)
  29 orc warriors
  A black bear (D:6)
  A swamp drake (Lair:6)
  2 boggarts (Elf:3)
  3 sky beasts
  A hornet zombie (D:6)
  A necrophage (D:5)
  20 wolves
  6 centaurs
  2 ogres
  16 bullfrogs
  12 kobold brigands
  2 scorpions
  A gnoll sergeant (D:9)
  2 cane toad simulacra (Lair:1)
  An earth elemental (Elf:2)
  Dowan (D:5)
  3 water moccasin skeletons
  3 killer bees
  An elephant simulacrum (Lair:1)
  5 howler monkeys
  14 wights
  3 electric eels
  2 hounds
  A komodo dragon simulacrum (Lair:1)
  17 orc priests
  2 jellies (D:7)
  A bullfrog skeleton (D:4)
  A water moccasin simulacrum (Lair:1)
  2 centaur skeletons (D:7)
  Jessica (D:2)
  5 iguanas
  19 orc wizards
  A scorpion zombie (D:5)
  A polar bear simulacrum (Lair:1)
  A killer bee zombie (D:8)
  A bullfrog simulacrum (Lair:1)
  3 howler monkey zombies
  19 gnolls
  6 adders
  2 shadow imps
  13 white imps
  An ufetubus (D:7)
  4 worms
  A dart slug (D:3)
  78 orcs
  11 ball pythons
  2 bats
  9 endoplasms
  13 giant cockroaches
  10 goblins
  5 hobgoblins
  3 jackals (D:3)
  5 kobolds
  2 quokkas (D:1)
  A frilled lizard (D:1)
  7 rats
819 creatures vanquished.

Vanquished Creatures (others)
  An orc priest (D:9)
  An orc (D:9)
  15 fungi
  29 plants
46 creatures vanquished.

Grand Total: 865 creatures vanquished

Notes
Turn   | Place    | Note
-------+----------+-------------------------------------------
     0 | D:1      | nickcage the Minotaur Fighter began the quest for the Orb.
     0 | D:1      | Reached XP level 1. HP: 19/19 MP: 0/0
   150 | D:1      | Reached XP level 2. HP: 26/26 MP: 1/1
   695 | D:1      | Reached XP level 3. HP: 31/31 MP: 2/2
  1183 | D:2      | Found a burning altar of Makhleb.
  1191 | D:2      | Became a worshipper of Makhleb the Destroyer
  1542 | D:2      | You fall into a shaft and drop 1 floor!
  1607 | D:2      | Reached skill level 5 in Polearms
  1634 | D:2      | Reached XP level 4. HP: 39/39 MP: 3/3
  1673 | D:2      | Noticed Jessica
  1679 | D:2      | Killed Jessica
  2149 | D:3      | Reached XP level 5. HP: 34/45 MP: 4/4
  2295 | D:3      | Reached * piety under Makhleb
  2392 | D:3      | Found a faded altar of an unknown god.
  2611 | D:4      | Reached XP level 6. HP: 36/51 MP: 5/5
  2721 | D:4      | Found Urchoaba's Antique Weapon Shop.
  2748 | D:4      | Found the +4 robe of Augmentation {Str+4 Int+4 Dex+4}
  2881 | D:4      | Found Guliamau's Magic Scroll Shoppe.
  2902 | D:4      | Bought a scroll of magic mapping for 38 gold pieces
  2902 | D:4      | Bought a scroll of identify for 22 gold pieces
  2902 | D:4      | Bought a scroll of identify for 22 gold pieces
  2904 | D:4      | Identified a scroll of acquirement
  2904 | D:4      | Acquired the +1 pair of gloves of Tomorrow {rN++ Str+2
                  | Dex-3 Slay+5}
  3072 | D:5      | Entered Level 5 of the Dungeon
  3084 | D:5      | Reached ** piety under Makhleb
  3231 | D:5      | Noticed Dowan
  3232 | D:5      | Noticed Duvessa
  3240 | D:5      | Killed Duvessa
  3241 | D:5      | Reached XP level 7. HP: 57/57 MP: 6/6
  3241 | D:5      | Killed Dowan
  3255 | D:5      | Reached skill level 10 in Polearms
  4068 | D:5      | Reached XP level 8. HP: 62/64 MP: 7/7
  4219 | D:6      | Noticed a five-headed hydra
  4737 | D:7      | Found a basalt altar of Yredelemnul.
  5020 | D:7      | Reached *** piety under Makhleb
  5027 | D:7      | Found a staircase to the Ecumenical Temple.
  5145 | D:7      | Reached XP level 9. HP: 70/70 MP: 8/8
  5750 | D:6      | Killed a five-headed hydra
  5751 | D:6      | Reached skill level 15 in Polearms
  5820 | D:6      | Found a shimmering blue altar of Sif Muna.
  5839 | D:6      | Found a runed translucent gate.
  5839 | D:6      | Found a runed translucent gate.
  5839 | D:6      | Found a runed translucent gate.
  5839 | D:6      | Noticed tizbic2's ghost (novice DgAE)
  6002 | D:6      | Reached skill level 4 in Fighting
  6348 | D:8      | Found a broken altar of Ashenzari.
  6348 | D:8      | Noticed a troll
  6354 | D:8      | Killed a troll
  6355 | D:8      | Reached skill level 5 in Armour
  6481 | D:8      | Reached skill level 5 in Fighting
  6532 | D:8      | Found an iron altar of Okawaru.
  6565 | D:8      | Noticed Erica
  6579 | D:8      | Paralysed by Erica for 5 turns
  6589 | D:8      | Killed Erica
  6590 | D:8      | Reached skill level 6 in Fighting
  6590 | D:8      | Reached XP level 10. HP: 32/83 MP: 9/9
  7244 | D:8      | Identified the +1 robe "Tokke" {Int+3}
  7302 | D:8      | Reached skill level 7 in Fighting
  7338 | D:9      | Noticed a two-headed ogre
  7338 | D:9      | Noticed a centaur warrior
  7342 | D:9      | Killed a centaur warrior
  7552 | D:9      | Noticed Grum
  7569 | D:9      | Reached skill level 8 in Fighting
  7914 | D:9      | Killed Grum
  7956 | D:9      | Noticed a boulder beetle
  7985 | D:8      | Killed a boulder beetle
  7986 | D:8      | Reached skill level 5 in Shields
  8217 | D:8      | Killed a two-headed ogre
  8218 | D:8      | Reached skill level 9 in Fighting
  8218 | D:8      | Reached skill level 10 in Armour
  8373 | D:9      | Reached **** piety under Makhleb
  8458 | D:9      | Identified the ring of Mittuit {rElec rPois}
  8545 | D:9      | Reached XP level 11. HP: 76/97 MP: 10/10
  8741 | D:9      | Found a transporter.
  8751 | D:9      | Noticed fknight's ghost (novice GnBe)
  8795 | D:9      | Found a transporter.
  8870 | D:9      | Noticed a centaur warrior
  8879 | D:9      | Killed a centaur warrior
  8881 | D:9      | Paralysed by a hornet for 3 turns
  9135 | D:9      | Reached skill level 10 in Fighting
  9275 | D:9      | Noticed Erolcha
  9281 | D:9      | Killed Erolcha
  9338 | D:10     | Entered Level 10 of the Dungeon
  9466 | D:10     | Found a staircase to the Lair.
  9466 | D:10     | Noticed a deep elf pyromancer
  9472 | D:10     | Killed a deep elf pyromancer
  9481 | D:10     | Reached skill level 1 in Invocations
  9580 | D:10     | Found a glowing silver altar of Zin.
  9589 | D:10     | Found a white marble altar of Elyvilon.
  9590 | D:10     | Found a snail-covered altar of Cheibriados.
  9992 | D:10     | Noticed a two-headed ogre
  9995 | D:10     | Killed a two-headed ogre
 10091 | D:11     | Reached skill level 11 in Fighting
 10099 | D:11     | Noticed a two-headed ogre
 10099 | D:11     | Noticed a two-headed ogre
 10109 | D:11     | Killed a two-headed ogre
 10113 | D:11     | Killed a two-headed ogre
 10113 | D:11     | Reached ***** piety under Makhleb
 10114 | D:11     | Reached XP level 12. HP: 106/110 MP: 11/13
 10192 | D:11     | Noticed a two-headed ogre
 10199 | D:11     | Killed a two-headed ogre
 10559 | D:11     | Noticed a two-headed ogre
 10567 | D:11     | Killed a two-headed ogre
 11111 | D:6      | Killed tizbic2's ghost
 11233 | Lair:1   | Entered Level 1 of the Lair of Beasts
 11262 | Lair:1   | Reached skill level 12 in Fighting
 11364 | Lair:1   | Found a runed translucent gate.
 11364 | Lair:1   | Found a runed translucent gate.
 11364 | Lair:1   | Found a runed translucent gate.
 11581 | Lair:1   | Noticed Harold
 11592 | Lair:1   | Killed Harold
 11593 | Lair:1   | Reached skill level 13 in Fighting
 11817 | Lair:1   | Noticed a five-headed hydra
 11823 | Lair:1   | Killed a five-headed hydra
 12132 | Lair:1   | Noticed Ceckukk's ghost (journeyman GrEE)
 12147 | Lair:1   | Killed Ceckukk's ghost
 12148 | Lair:1   | Reached skill level 14 in Fighting
 12164 | Lair:1   | Got the ring "Ving" {Fire rCorr Slay+2}
 12289 | Lair:2   | Noticed a catoblepas
 12298 | Lair:2   | Killed a catoblepas
 12329 | Lair:2   | Found a staircase to the Shoals.
 12352 | Lair:2   | Reached XP level 13. HP: 116/125 MP: 15/15
 12365 | Lair:2   | Reached skill level 15 in Fighting
 13007 | Lair:3   | Reached skill level 1 in Dodging
 13057 | Lair:3   | Identified the +6 war axe of Tuhahik {vamp, rElec rF+}
 13586 | Lair:4   | Reached skill level 16 in Fighting
 13631 | Lair:4   | Found a hole to the Spider Nest.
 14292 | Lair:5   | Reached skill level 17 in Fighting
 14412 | Lair:5   | Reached ****** piety under Makhleb
 14551 | Lair:5   | Reached skill level 5 in Dodging
 14844 | Lair:6   | Entered Level 6 of the Lair of Beasts
 14910 | Lair:6   | Reached skill level 18 in Fighting
 14916 | Lair:6   | Found a staircase to the Slime Pits.
 14917 | Lair:6   | Found a viscous altar of Jiyva.
 15124 | Lair:6   | Reached XP level 14. HP: 144/144 MP: 16/16
 15489 | Lair:6   | Reached skill level 19 in Fighting
 16628 | D:12     | Noticed Fannar
 16634 | D:12     | Killed Fannar
 16939 | D:12     | Reached skill level 20 in Fighting
 17090 | D:12     | Found a hide-covered altar of Uskayaw.
 17205 | D:12     | Found a staircase to the Orcish Mines.
 17377 | D:13     | Found a runed translucent gate.
 17377 | D:13     | Found a runed translucent gate.
 17377 | D:13     | Found a runed translucent gate.
 17378 | D:13     | Noticed unlimited1921's ghost (journeyman DjFE)
 17465 | D:13     | Killed unlimited1921's ghost
 17890 | D:13     | Noticed Snorg
 17901 | D:13     | Killed Snorg
 18043 | D:13     | Found a frozen archway.
 18616 | D:14     | Noticed Urug
 18643 | D:14     | Killed Urug
 18651 | D:14     | Reached XP level 15. HP: 155/155 MP: 17/17
 18671 | D:14     | Found a gate to the Vaults.
 18991 | D:14     | Reached skill level 10 in Shields
 19278 | D:14     | Identified the +2 pair of boots of Tomorrow {Str+2 Int+3
                  | Dex+4}
 19973 | D:15     | Entered Level 15 of the Dungeon
 20526 | D:15     | Found a staircase to the Depths.
 20645 | Orc:1    | Entered Level 1 of the Orcish Mines
 20730 | Orc:1    | Found Lupanuq's General Store.
 20738 | Orc:1    | Bought a scroll of enchant weapon for 97 gold pieces
 20810 | Orc:2    | Entered Level 2 of the Orcish Mines
 20892 | Orc:2    | Found a staircase to the Elven Halls.
 21079 | Orc:2    | Noticed Sonja
 21083 | Orc:2    | Killed Sonja
 21195 | Orc:2    | Noticed Saint Roka
 21214 | Orc:2    | Paralysed by an orc sorcerer for 6 turns
 21250 | Orc:2    | Killed Saint Roka
 21579 | Orc:2    | Found Garrevi's Antique Armour Emporium.
 21580 | Orc:2    | Found Hiruakie's Antique Weapon Shoppe.
 21763 | Orc:2    | Found Ceroim's Weapon Shoppe.
 22017 | Orc:2    | Found Tavumili's Distillery.
 22028 | Orc:2    | Bought a potion of heal wounds for 80 gold pieces
 22028 | Orc:2    | Bought a potion of heal wounds for 80 gold pieces
 22028 | Orc:2    | Bought a potion of might for 64 gold pieces
 22053 | Elf:1    | Entered Level 1 of the Elven Halls
 22220 | Elf:1    | Paralysed by an air elemental for 1 turns
 22308 | Elf:1    | Found Ruxiyvi's Weapon Shoppe.
 22308 | Elf:1    | Found Veijaw's Antique Weapon Emporium.
 22386 | Elf:1    | Reached XP level 16. HP: 157/162 MP: 18/18
 23639 | Elf:2    | Paralysed by an air elemental for 1 turns
 23905 | Elf:2    | Found a shimmering blue altar of Sif Muna.
 24171 | Elf:2    | Reached skill level 15 in Shields
 24330 | Elf:2    | Found a huge runed translucent gate.
 24330 | Elf:2    | Found a huge runed translucent gate.
 24330 | Elf:2    | Found a huge runed translucent gate.
 24331 | Elf:2    | Found a huge runed translucent gate.
 24331 | Elf:2    | Found a huge runed translucent gate.
 24410 | Elf:2    | Noticed a deep elf blademaster
 24421 | Elf:2    | Killed a deep elf blademaster
 24608 | Elf:2    | Reached skill level 15 in Armour
 24905 | Elf:2    | Reached skill level 21 in Fighting
 25179 | Elf:3    | Entered Level 3 of the Elven Halls
 25252 | Elf:3    | Found a shimmering blue altar of Sif Muna.
 25314 | Elf:3    | Reached XP level 17. HP: 173/173 MP: 19/19
 25378 | Elf:3    | HP: 6/173 [poisoned by a +1 dire flail of venom]
 25379 | Elf:3    | HP: 2/173 [poisoned by a +1 dire flail of venom]
 25380 | Elf:3    | Slain by a +1 dire flail of venom

Illustrated notes

Levels and vault maps discovered:
D:1:      zaba_arrival_water, layout_basic
D:2:      minmay_roachtagon, layout_basic, basic_altar, kennysheep_another_room,
          uniq_jessica
D:3:      layout_rooms, dreamdust_ecumenical_altar_grove, serial_glass,
          glass_columns_b, glass_columns_a, st_stairs_1,
          minmay_shallow_snake_nest
D:4:      layout_rooms, serial_shops, shop, shop, grunt_tough_drop
D:5:      layout_basic, dk_noncrumbling_3, minivault_24, uniq_duvessa
D:6:      layout_basic, nicolae_sif_muna_little_library,
          ebering_ghost_rock_garden
D:7:      layout_layer_cave, yredelemnul_altar_generic,
          minmay_temple_entry_proselytizer
D:8:      layout_basic, cheibrodos_ashenzari_chains, okawaru_metal_pillars_1_2,
          uniq_erica
D:9:      nzn_winding_woodlands_cross [nzn_winding_woodlands_5x15_split_checker,
          nzn_winding_woodlands_5x15_jagged, nzn_winding_woodlands_5x15_eye,
          nzn_winding_woodlands_5x15_crooked,
          nzn_winding_woodlands_15x15_eel_pit], layout_rooms,
          gammafunk_ghost_hive, uniq_erolcha, uniq_grum
D:10:     layout_roguey, grunt_temple_overflow_open, lair_entry_dummy
D:11:     layout_cave_pods
D:12:     layout_basic, hiddenorc1_lemuel, nicolae_uskayaw_en_pointe,
          uniq_fannar
D:13:     layout_gridville, gammafunk_ghost_nasty_kobolds,
          portal_ice_cave_entry_imps, nrook_mini_backslash, uniq_snorg
D:14:     fort_yaktaur, layout_long_grid, david_vaults_3, serial_glass,
          glass_columns_c, glass_columns_a
D:15:     grunt_enter_depths_snipers, layout_rooms,
          amcnicky_mini_rare_corridor_liquid
Lair:1:   layout_long_grid, gammafunk_ghost_icy, uniq_harold
Lair:2:   layout_roguey, minmay_shoals_entry_beasts
Lair:3:   layout_cave_shapes, serial_bayou_shore_a, infiniplex_staircase_pool_2
Lair:4:   layout_hall_layers, hellmonk_spider_entry_life_and_decay
Lair:5:   layout_long_grid
Lair:6:   guppyfry_lair_end_dragon, layout_long_grid,
          hangedman_lair_tendril_chambers, slime_altar_1
Orc:1:    layout_diamond_mine, serial_shops, shop
Orc:2:    grunt_orc_community_town_hall, layout_caves,
          grunt_orc_community_big_house_1, grunt_orc_community_big_house_2,
          grunt_orc_community_house_1, grunt_orc_community_house_1,
          grunt_orc_community_house_1, grunt_orc_community_house_2,
          grunt_orc_community_house_2, grunt_orc_community_house_2, uniq_sonja
Elf:1:    nicolae_elf_arrival_no_cutting_in_line, layout_gridlike,
          hangedman_elven_crosses_minicolossus, grunt_megastairs_2,
          minmay_shoptagon
Elf:2:    elven_hall_of_blades_hangedman_alternative
          [nicolae_blade_entry_area_security], layout_loops_corners,
          basic_altar, hangedman_elf_represent
Elf:3:    minmay_elf_hall_four_x, layout_onion_city, hangedman_summoners_spam,
          minmay_shop_grove

Skill      XL: |  1  2  3  4  5  6  7  8  9 10 11 12 13 14 15 16 |
---------------+-------------------------------------------------+-----
Polearms       | 3 4 5 6 7 9 11 14 15 16 18 20 | 20.0
Fighting       | 6 9 11 14 18 20 21 | 21.1
Armour         | 6 10 13 14 15 | 15.3
Shields        | 4 5 6 8 9 14 15 | 15.4
Invocations    | 2 4 |  4.0
Dodging        | 5 8 |  8.3
Throwing       | |  0.5

Action                   |  1- 3 |  4- 6 |  7- 9 | 10-12 | 13-15 | 16-18 || total
-------------------------+-------+-------+-------+-------+-------+-------++-------
Melee: Trident           |    98 |   130 |   143 |   442 |  1279 |   369 ||  2461
       Headbutt          |     8 |    14 |    12 |    77 |   247 |    64 ||   422
Throw: Dart              |       |       |     9 |    33 |    10 |       ||    52
  Use: Scroll            |       |     8 |     7 |     8 |     5 |       ||    28
       Potion            |       |       |       |     1 |     1 |     4 ||     6
Armor: Scale mail        |     9 |       |       |       |       |       ||     9
       Plate armour      |    14 |    51 |    46 |   167 |   501 |   102 ||   881
Dodge: Dodged            |    21 |    15 |    19 |    73 |   240 |    67 ||   435
Block: Buckler           |    10 |    19 |    12 |    41 |    81 |       ||   163
       Kite shield       |       |       |       |       |   230 |    90 ||   320
